AoeStats
← Lady Malbec

Arabia

509986661Analyzed
1v1 RM · 3d ago on Sep 28, 2026· 56m 19s· 2 players
Game mode
Random Map
Map size
Tiny (2 player)
Population
200
Speed
Normal
Resources
Standard
Victory
Conquest
Starting age
Dark Age
Ending age
Imperial Age
RankedLock teamsTeams togetherTeam positionsShared explorationLock speedFull tech treeHidden civsTurbo modeCheats
Victory
Defeat
🇦🇷 Khitans · Argentina
1168
+14
🇹🇷 Hindustanis · Türkiye
1127
-14
mertersoz88
8:54 Feudal Age
9:55 Double-Bit Axe
11:09 Loom
11:14 Town Watch
20:16 Horse Collar
24:33 Castle Age
23:50 Wheelbarrow
23:42 Bloodlines
24:13 Forging
24:11 Scale Barding Armor
25:24 Bow Saw
25:20 Heavy Plow
28:16 Iron Casting
28:49 Chain Barding Armor
29:49 Husbandry
31:02 Gold Mining
31:03 Stone Mining
34:13 Light Cavalry
35:59 Grand Trunk Road
40:39 Scale Mail Armor
43:38 Chain Mail Armor
43:24 Town Watch
44:03 Hand Cart
48:44 Imperial Age
49:01 Town Patrol
49:00 Elite Skirmisher
50:50 Conscription
51:46 Fletching
51:57 Padded Archer Armor
52:58 Blast Furnace
53:02 Bodkin Arrow
53:23 Leather Archer Armor
Lady Malbec
5:51 Loom
11:15 Feudal Age
15:46 Double-Bit Axe
21:28 Castle Age
19:58 Domestication
21:20 Gold Mining
21:24 Fletching
21:51 Town Watch
22:05 Bodkin Arrow
23:58 Heavy Cavalry Archer
25:51 Husbandry
28:11 Wheelbarrow
28:21 Padded Archer Armor
33:45 Ballistics
34:27 Sanctity
34:36 Stone Mining
35:21 Bow Saw
41:46 Imperial Age
42:02 Capped Ram
43:24 Stone Shaft Mining
43:43 Theocracy
43:49 Leather Archer Armor
46:59 Bracer
51:09 Chemistry
52:07 Conscription
52:25 Siege Ram
54:35 Parthian Tactics
Connection lost

Rejoining the realm…

Still unreachable

The connection could not be restored.

Session expired

The server has moved on; the page needs a fresh start.